 Dungeon Crawl Stone Soup version 0.31-a0-161-gb58dd9be76 (webtiles) character file.

Game seed: 15646022969471428517

20 BrainTurd the Vexing (level 2, 0/16 HPs)
             Began as a Deep Elf Hexslinger on June 12, 2023.
             Succumbed to an adder's poison
             ... on level 2 of the Dungeon.
             The game lasted 00:06:00 (1488 turns).

BrainTurd the Vexing (Deep Elf Hexslinger)          Turns: 1488, Time: 00:06:01

Health: 0/16       AC:  2    Str:  5    XL:     2   Next: 58%
Magic:  5/6        EV: 13    Int: 17    God:
Gold:   52         SH:  0    Dex: 17    Spells: 3/4 levels left

rFire   . . .        a - +1 sling
rCold   . . .        (no shield)
rNeg    . . .        c - +0 robe
rPois   .            (no helmet)
rElec   .            (no cloak)
rCorr   .            (no gloves)
SInv    .            (no boots)
Will    .....        (no amulet)
Stlth   ++           (no ring)
HPRegen 0.22/turn    (no ring)
MPRegen 0.10/turn

%: no passive effects
@: lethally poisoned (0 -> -9)
A: no striking features
a: no special abilities


You were on level 2 of the Dungeon.
You visited 1 branch of the dungeon, and saw 2 of its levels.

You collected 52 gold pieces.

Inventory:

Hand Weapons
 a - a +1 sling (weapon)
Armour
 c - a +0 robe (worn)
Scrolls
 b - a scroll of poison
 f - a scroll of amnesia {unknown}
Potions
 d - 4 potions of curing


   Skills:
 - Level 0.7 Fighting
 * Level 3.6 Ranged Weapons
 - Level 2.4 Dodging
 - Level 1.5 Spellcasting
 + Level 4.7 Hexes


You had 3 spell levels left.
You knew the following spells:

 Your Spells              Type           Power      Damage    Failure   Level
a - Slow                  Hex            68%        N/A       3%          1

Your spell library contained the following spells:

 Spells                   Type           Power      Damage    Failure   Level
 Inner Flame              Hex/Fire       9%         N/A       24%         3
 Portal Projectile        Hex/Tloc       18%        N/A       24%         3
 Cause Fear               Hex            8%         N/A       28%         4


Dungeon Overview and Level Annotations

Branches:
Dungeon (2/15)

Altars:

Annotations:
D:2 Sigmund


Message History

The sling bullet completely misses the adder.
Fire: a) +1 sling
Press: ? - help, Shift-Dir - straight line, f/p - adder
Aim: an adder (almost dead, slow, 40% to hit)
You shoot a sling bullet.
The sling bullet barely misses the adder.
The adder barely misses you.
Fire: a) +1 sling
Press: ? - help, Shift-Dir - straight line, f/p - adder
Aim: an adder (almost dead, slow, 40% to hit)
You shoot a sling bullet.
The sling bullet hits the adder but does no damage.
The adder is almost dead.
The adder bites you.
You are lethally poisoned!
The adder poisons you!
Fire: a) +1 sling
Press: ? - help, Shift-Dir - straight line, f/p - adder
Aim: an adder (almost dead, slow, 40% to hit)
You shoot a sling bullet. The sling bullet hits the adder.
The adder is almost dead.
* * * LOW HITPOINT WARNING * * *
You feel sick. The goblin misses you. The adder misses you.
Fire: a) +1 sling
Press: ? - help, Shift-Dir - straight line, f/p - adder
Aim: an adder (almost dead, slow, 40% to hit)
You shoot a sling bullet.
The sling bullet barely misses the adder.
* * * LOW HITPOINT WARNING * * *
You feel sick. The goblin completely misses you. The adder bites you.
* * * LOW HITPOINT WARNING * * *
You are more poisoned.
The adder poisons you! The goblin barely misses you.
Casting: Slow (safe; 3% risk of failure)
Confirm with . or Enter, or press ? or * to list all spells.
Aiming: Slow (safe; 3% risk of failure)
Press: ? - help, Shift-Dir - straight line, f/p - adder
Aim: an adder (almost dead, slow, chance to affect: 59%)
The adder seems to slow down.
You die...

######### #.......#
###########.#####.######
#.....g@S...............
#.#########.#####.#.##.#
...# ###.#.##..
....####...#.#...
...........###.#...
##....####.........
#.#..w..<....[....
..#...#.#######... ##
...#.#. ......#


You could see an adder (slow) and a goblin.

Vanquished Creatures
  A ball python (D:2)
  4 endoplasms
  3 hobgoblins
  2 kobolds
  2 quokkas
  A bat (D:1)
  2 frilled lizards (D:2)
  A goblin (D:1)
  2 rats (D:1)
18 creatures vanquished.

Notes
Turn   | Place    | Note
-------+----------+-------------------------------------------
     0 | D:1      | BrainTurd the Deep Elf Hexslinger began the quest for the
                  | Orb.
     0 | D:1      | Reached XP level 1. HP: 11/11 MP: 5/5
   535 | D:1      | Reached XP level 2. HP: 16/16 MP: 6/6
  1217 | D:2      | Noticed Sigmund
  1488 | D:2      | Succumbed to an adder's poison

Illustrated notes

Levels and vault maps discovered:
D:1:      saegor_arrival_under_anarchy, layout_basic
D:2:      layout_basic, dreamdust_ecumenical_altar_angels_and_demons,
          kennysheep_generic_room_14, uniq_sigmund

Skill      XL: |  1 |
---------------+----+-----
Ranged Weapons | 3 |  3.6
Fighting       | |  0.7
Dodging        | |  2.4
Spellcasting   | |  1.5
Hexes          | |  4.7

Action                     || total
---------------------------++-------
   Fire: Sling             ||    74
   Cast: Slow              ||    10
    Use: Scroll            ||     1
 Armour: Robe              ||     3
  Dodge: Dodged            ||    27

Table legend: (Time is in decaauts)
 A = Elapsed time spent in this place.
 B = Non-inter-level travel time spent in this place.
 C = Inter-level travel time spent in this place.
 D = Time resting spent in this place.
 E = Time spent auto-exploring this place.
 F = Levels seen in this place.
 G = Mean time per level.
                   A        B        C        D        E       F      G
               +--------+--------+--------+--------+--------+-----+--------+
         Total |   1506 |   1433 |     73 |     55 |   1143 |   2 |  753.0 |
       Dungeon |   1506 |   1433 |     73 |     55 |   1143 |   2 |  753.0 |
               +--------+--------+--------+--------+--------+-----+--------+

Top non-repeatable levels by time:
     D:1: 1107 daAuts
     D:2: 398 daAuts
